AoeStats
← meditator27

Fortress

507074019Analyzed
3v3 RM · 14d ago on Sep 16, 2026· 48m 1s· 6 players
Game mode
Random Map
Map size
Large (8 player)
Population
200
Speed
Normal
Resources
Standard
Victory
Conquest
Starting age
Dark Age
Ending age
Imperial Age
RankedLock teamsTeams togetherTeam positionsShared explorationLock speedFull tech treeHidden civsTurbo modeCheats
Victory
Defeat
🇦🇷 Vietnamese · Argentina
1274
+18
🇩🇪 Chinese · Germany
1269
+19
🇩🇪 Persians · Germany
1240
+20
🇭🇺 Berbers · Hungary
1362
-20
🇹🇼 Bengalis · Taiwan
1320
-19
🇦🇷 Portuguese · Argentina
1298
-18
meditator27
7:59 Feudal Age
12:03 Castle Age
10:03 Double-Bit Axe
10:21 Horse Collar
14:01 Bow Saw
14:19 Heavy Plow
17:46 Wheelbarrow
17:39 Loom
17:48 Town Watch
20:02 Gold Mining
20:03 Stone Mining
21:31 Hand Cart
25:50 Imperial Age
24:19 Gold Shaft Mining
23:36 Fletching
24:22 Bodkin Arrow
25:54 Padded Archer Armor
25:56 Elite Elephant Archer
27:05 Bracer
28:19 Conscription
29:04 Two-Man Saw
29:35 Chemistry
29:24 Paiks
30:30 Ballistics
31:49 Elite Skirmisher
35:56 Caravan
39:31 Bloodlines
39:21 Husbandry
39:53 Light Cavalry
40:55 Pikeman
43:37 Leather Archer Armor
44:54 Squires
46:36 Ring Archer Armor
46:19 Masonry
Uporcpine
7:17 Feudal Age
11:36 Castle Age
9:28 Horse Collar
9:52 Double-Bit Axe
13:40 Bow Saw
16:03 Wheelbarrow
15:13 Loom
15:41 Heavy Plow
18:50 Hand Cart
21:50 Gold Mining
26:32 Imperial Age
24:13 Scale Barding Armor
24:53 Bloodlines
25:09 Husbandry
26:05 Chain Barding Armor
26:11 Town Watch
27:49 Plate Barding Armor
26:40 Cavalier
29:00 Forging
28:15 Light Cavalry
29:53 Gold Shaft Mining
29:08 Stone Mining
31:08 Coinage
31:26 Town Patrol
32:07 Banking
33:04 Chemistry
32:26 Ballistics
32:43 Iron Casting
31:58 Fletching
32:47 Stone Shaft Mining
32:46 Conscription
33:16 Crop Rotation
33:24 Hussar
36:02 Heavy Camel Rider
40:16 Blast Furnace
39:12 Bodkin Arrow
39:26 Kasbah
39:39 Maghrebi Camels
AM
9:06 Feudal Age
12:58 Castle Age
11:51 Double-Bit Axe
11:58 Gold Mining
11:49 Horse Collar
13:02 Loom
13:52 Wheelbarrow
13:49 Heavy Plow
14:28 Caravan
16:52 Fervor
21:58 Imperial Age
25:17 Elite Organ Gun
26:38 Block Printing
30:10 Arquebus
29:42 Capped Ram
31:56 Ballistics
33:37 Pikeman
34:22 Halberdier
40:00 Scale Mail Armor
40:10 Forging
41:08 Chain Mail Armor
42:21 Iron Casting
44:28 Plate Mail Armor
44:58 Blast Furnace
44:22 Stone Mining
uli2099
7:41 Feudal Age
8:40 Loom
9:41 Double-Bit Axe
12:31 Castle Age
10:28 Horse Collar
15:01 Wheelbarrow
15:17 Bow Saw
19:21 Heavy Plow
21:59 Hand Cart
22:55 Bloodlines
24:17 Scale Barding Armor
24:22 Forging
25:09 Gold Mining
25:10 Stone Mining
26:46 Husbandry
28:09 Gold Shaft Mining
28:10 Stone Shaft Mining
28:38 Chain Barding Armor
28:54 Iron Casting
31:47 Imperial Age
29:00 Pikeman
30:20 Scale Mail Armor
31:22 Squires
32:18 Chain Mail Armor
31:44 Halberdier
33:01 Plate Barding Armor
31:54 Cavalier
33:28 Coinage
33:28 Conscription
33:20 Savar
35:02 Blast Furnace
33:55 Fletching
34:46 Caravan
34:48 Elite War Elephant
37:26 Thumb Ring
36:42 Crossbowman
39:15 Citadels
mad Iltis
7:51 Feudal Age
11:31 Castle Age
10:03 Double-Bit Axe
10:16 Horse Collar
12:40 Bow Saw
13:32 Heavy Plow
17:46 Wheelbarrow
19:45 Hand Cart
19:27 Gold Mining
20:11 Fletching
21:51 Gold Shaft Mining
21:29 Loom
25:33 Imperial Age
22:50 Town Watch
23:06 Bodkin Arrow
23:11 Padded Archer Armor
23:50 Great Wall
23:53 Scale Mail Armor
24:03 Forging
24:05 Thumb Ring
24:26 Ballistics
24:56 Leather Archer Armor
24:42 Stone Mining
25:24 Guard Tower
25:49 Masonry
26:20 Bracer
27:24 Chemistry
26:10 Arrowslits
27:18 Ring Archer Armor
27:04 Chain Mail Armor
27:34 Conscription
27:34 Elite Chu Ko Nu
28:59 Squires
28:21 Pikeman
28:46 Arson
29:15 Forging
29:37 Plate Mail Armor
30:47 Rocketry
30:04 Halberdier
31:18 Architecture
31:00 Fortified Wall
30:42 Arrowslits
31:59 Iron Casting
33:57 Blast Furnace
[La14] Monarca Yupanqui
10:37 Feudal Age
11:35 Horse Collar
11:44 Double-Bit Axe
12:52 Wheelbarrow
14:57 Castle Age
13:19 Stone Mining
13:19 Gold Mining
20:44 Imperial Age
19:02 Bow Saw
18:53 Heavy Plow
18:40 Loom
18:41 Town Watch
19:25 Hand Cart
20:21 Town Watch
21:04 Fletching
23:00 Chemistry
22:20 Ballistics
23:30 Crop Rotation
23:48 Padded Archer Armor
24:51 Bodkin Arrow
25:29 Leather Archer Armor
26:12 Bracer
28:22 Ring Archer Armor
29:49 Guard Tower
32:23 Paper Money
34:14 Hoardings
33:16 Elite Rattan Archer
34:42 Ballistics
35:09 Stone Shaft Mining
37:47 Two-Man Saw
40:35 Murder Holes
40:21 Treadmill Crane
40:46 Siege Engineers
41:19 Keep
46:49 Scale Mail Armor
46:59 Forging
Connection lost

Rejoining the realm…

Still unreachable

The connection could not be restored.

Session expired

The server has moved on; the page needs a fresh start.